Map: Nightshade LE

Players

SortOf

  • Race: Zerg Zerg
  • League: Grandmaster
  • Spawn Location: 11:00

A.I. 1 (Very Easy) - Winner!

  • Race: Terran Terran
  • Spawn Location: 5:00

VOD

Have the link to the VOD?

Description

Mine own zvt guide

Time

  • Played on: June 5, 2020, 9:34 a.m.
  • Length: 5:56
Show
View Real Time Build Order
Export as new Build Order

SortOf Zerg 

Build Orders: Hatch First 

Get SALT Encoding   

  12  0:01  Drone  
  13  0:12  Overlord  
  13  0:17  Drone  
  14  0:31  Drone x2  
  16  0:48  Hatchery  
  15  0:51  Drone  
  15  0:55  Drone  
  17  0:58  Drone  
  18  1:09  Extractor  
  17  1:13  Spawning Pool  
  17  1:17  Drone  
  17  1:20  Drone  
  18  1:33  Drone  
  19  1:40  Drone  
  20  1:51  Drone  
  21  2:00  Queen x2  
  21  2:01  Zergling x4  
  27  2:10  Overlord  
  27  2:12  Drone  
  28  2:22  Hatchery  
  27  2:25  Drone  
  27  2:29  Metabolic Boost  
  28  2:32  Drone  
  28  2:35  Drone  
  30  2:40  Drone  
  31  2:45  Overlord  
  31  2:47  Drone  
  32  2:54  Queen  
  32  2:57  Drone x2  
  36  3:04  Drone x2  
  38  3:07  Drone  
  38  3:12  Overlord  
  39  3:14  Drone  
  39  3:16  Drone  
  39  3:17  Drone  
  39  3:19  Queen  
  44  3:31  Drone  
  45  3:34  Drone x2  
  45  3:35  Queen  
  49  3:42  Zergling x6  
  49  3:45  Overlord  
  49  3:46  Drone x2  
  54  3:49  Overlord  
  54  3:52  Overlord  
  54  3:55  Lair  
  54  4:01  Drone x3  
  57  4:05  Extractor  
  57  4:07  Baneling Nest  
  55  4:10  Drone x3  
  55  4:11  Drone  
  55  4:13  Drone  
  60  4:17  Zergling x4  
  60  4:18  Drone x2  
  60  4:21  Queen  
  66  4:25  Overlord  
  66  4:27  Drone x2  
  66  4:30  Drone  
  69  4:38  Drone x4, Extractor  
  73  4:41  Extractor  
  73  4:43  Drone  
  73  4:44  Drone x3  
  75  4:47  Overlord  
  75  4:49  Drone x2  
  77  4:55  Overseer  
  77  4:57  Drone  
  78  5:01  Drone  
  78  5:02  Evolution Chamber x2  
  78  5:05  Drone x2  
  79  5:12  Drone x7  
  79  5:13  Overlord  
  86  5:16  Extractor x2  
  86  5:17  Drone  
  86  5:18  Drone, Overlord  
  86  5:24  Overlord  
  86  5:36  Hatchery  
Show
View Real Time Build Order
Export as new Build Order

A.I. 1 (Very Easy) Terran - Winner!

Build Orders: Reaper Expand 

Get SALT Encoding   

  12  0:00  SCV  
  13  0:13  SCV  
  14  0:17  Supply Depot  
  14  0:42  Barracks  
  14  1:02  Command Center  
  14  1:30  Supply Depot, Orbital Command  
  14  1:31  Marine  
  15  1:36  Refinery  
  15  1:48  Refinery  
  15  1:55  SCV  
  16  2:07  SCV  
  17  2:14  SCV  
  18  2:16  Reaper  
  18  2:21  SCV  
  20  2:28  SCV  
  21  2:36  SCV  
  22  2:43  SCV  
  23  2:44  Refinery  
  23  2:50  SCV  
  24  2:57  SCV  
  25  2:58  Marine  
  25  3:04  SCV  
  27  3:12  SCV  
  28  3:16  Factory  
  28  3:19  SCV  
  29  3:40  Refinery  
  29  3:41  SCV, Marine  
  31  3:49  SCV  
  31  3:55  Supply Depot  
  32  3:56  SCV  
  33  4:04  SCV, Starport  
  34  4:11  SCV  
  35  4:18  SCV  
  36  4:24  Reaper  
  36  4:25  SCV  
  38  4:32  SCV  
  38  4:37  Supply Depot  
  39  4:40  SCV  
  39  4:41  Starport Tech Lab  
  40  4:47  SCV  
  41  4:54  SCV  
  42  5:01  Raven, SCV  
  45  5:07  Marine  
  45  5:08  SCV  
  47  5:16  SCV  
Tags
 
Add a new tag
Caveats
  • Supply blocks, unpowered buildings, or Contaminate may cause inaccurate times.
  • Supply counts are checked every 10 seconds.